AoeStats
← Matías

MegaRandom

504882780Analyzed
1v1 RM · 1mo ago on Sep 6, 2026· 55m 57s· 2 players
Game mode
Random Map
Map size
Tiny (2 player)
Population
200
Speed
Normal
Resources
Standard
Victory
Conquest
Starting age
Dark Age
Ending age
Imperial Age
RankedLock teamsTeams togetherTeam positionsShared explorationLock speedFull tech treeHidden civsTurbo modeCheats
Victory
Defeat
🇹🇷 Vietnamese · Türkiye
698
+17
vs
🇵🇪 Inca · Peru
712
-36
JACKOBTR
0:49 Loom
11:52 Feudal Age
13:52 Wheelbarrow
13:03 Town Watch
13:10 Double-Bit Axe
13:21 Horse Collar
20:32 Castle Age
19:00 Stone Mining
19:50 Fletching
19:59 Gold Mining
20:33 Scale Mail Armor
20:28 Arson
21:30 Heavy Plow
22:16 Bow Saw
23:11 Hand Cart
22:43 Elite Skirmisher
24:24 Town Patrol
24:04 Pikeman
26:29 Murder Holes
29:38 Husbandry
33:06 Imperial Age
30:50 Scale Barding Armor
30:56 Forging
30:48 Padded Archer Armor
30:55 Squires
31:41 Bodkin Arrow
31:26 Crossbowman
32:59 Chain Mail Armor
34:51 Ballistics
35:11 Crop Rotation
35:55 Two-Man Saw
34:47 Light Cavalry
36:28 Bracer
38:45 Chemistry
37:14 Imperial Skirmisher
38:00 Thumb Ring
38:39 Leather Archer Armor
39:11 Bloodlines
39:47 Hoardings
40:58 Halberdier
45:57 Ring Archer Armor
45:58 Plate Mail Armor
46:03 Iron Casting
45:50 Chain Barding Armor
45:40 Elite Rattan Archer
48:52 Paper Money
49:17 Treadmill Crane
49:24 Arrowslits
52:17 Block Printing
52:28 Illumination
Matías
0:41 Loom
10:43 Feudal Age
11:12 Town Watch
13:04 Wheelbarrow
13:21 Double-Bit Axe
17:35 Forging
17:26 Scale Mail Armor
17:55 Arson
18:52 Horse Collar
19:04 Gold Mining
19:08 Stone Mining
19:27 Padded Archer Armor
19:18 Fletching
23:59 Castle Age
23:14 Champi Runner
25:46 Town Patrol
26:02 Hand Cart
26:35 Heavy Plow
26:49 Bow Saw
27:24 Gold Shaft Mining
27:28 Stone Shaft Mining
32:00 Squires
31:20 Pikeman
31:25 Elite Skirmisher
35:14 Imperial Age
32:14 Champi Warrior
33:01 Thumb Ring
32:16 Crossbowman
34:27 Andean Sling
35:00 Masonry
34:46 Murder Holes
34:31 Treadmill Crane
37:26 Arbalester
37:48 Elite Champi Warrior
39:55 Conscription
41:29 Hoardings
40:28 Sappers
53:06 Chain Mail Armor
53:27 Iron Casting
53:07 Leather Archer Armor
Connection lost

Rejoining the realm…

Still unreachable

The connection could not be restored.

Session expired

The server has moved on; the page needs a fresh start.